 Dungeon Crawl Stone Soup version 0.14-a0-426-gb52781e (webtiles) character file.

113745 Leibowitz the Spry (level 17, -29/108 HPs)
             Began as a Kobold Berserker on Oct 28, 2013.
             Was an Elder of Okawaru.
             Annihilated by an iron troll (32 damage)
             ... summoned by the rage of Trog
             ... while paralysed by a great orb of eyes
             ... on Level 15 of the Dungeon.
             The game lasted 02:55:03 (38436 turns).

Leibowitz the Spry (Kobold Berserker)              Turns: 38436, Time: 02:55:03

HP -29/108       AC 12     Str 19      XL: 17   Next: 12%
MP  20/20        EV  3     Int 10      God: Okawaru [****..]
Gold 2496        SH  0     Dex 30      Spells:  0 memorised, 16 levels left

Res.Fire  : . . .   See Invis. : .   H - +4,+11 dagger "Klihos" {freeze, +Inv Dex+4 Int+4}
Res.Cold  : . . .   Warding    : .   y - +0 robe of the Commoners {Dex+4 Int+1}
Life Prot.: . . .   Conserve   : .   Q - +0 dwarf buckler {AC+3}
Res.Poison: .       Res.Corr.  : .   l - +2 dwarf helmet
Res.Elec. : .       Clarity    : .   G - +2 cloak
Sust.Abil.: . .     Spirit.Shd : .   (no gloves)
Res.Mut.  : +       Stasis     : .   o - +0 pair of boots
Res.Rott. : .       Flight     : .   C - amulet of resist mutation
Saprovore : + + .                    u - +4 ring of evasion
                                     h - +3 ring of dexterity

@: paralysed, confused, somewhat resistant to hostile enchantments, quite
stealthy
A: disease resistance, carnivore 3, saprovore 2
a: Heroism, Renounce Religion, Evoke Invisibility


You were on level 15 of the Dungeon.
You worshipped Okawaru.
Okawaru was greatly pleased with you.
You were not hungry.

You visited 5 branches of the dungeon, and saw 31 of its levels.
You also visited: Ice Cave.

You collected 2530 gold pieces.
You spent 54 gold pieces at shops.

Inventory:

Hand weapons
 a - a +6,+4 quick blade
 b - a cursed +0,+3 dagger of venom
 t - a +1 blowgun
 w - the +9,+6 dagger "Thuf" {vamp, rPois Int+3 SInv}
   (You found it on level 15 of the Dungeon)

   It inflicts no extra harm, but heals its wielder somewhat when it strikes a
   living foe.
   It affects your intelligence (+3).
   It protects you from poison.
   It enhances your eyesight.
 H - the +4,+11 dagger "Klihos" (weapon) {freeze, +Inv Dex+4 Int+4}
   (You found it on level 15 of the Dungeon)

   It has been specially enchanted to freeze those struck by it, causing extra
   injury to most foes and up to double damage against particularly susceptible
   opponents.
   It can also slow down cold-blooded creatures.
   It affects your intelligence (+4).
   It affects your dexterity (+4).
   It lets you turn invisible.
 U - a +3,+4 anti-magic quick blade
Missiles
 d - 13 darts of flame (quivered)
 p - 14 curare-tipped needles
Armour
 l - a +2 dwarven helmet (worn)
 o - a +0 pair of boots (worn)
 y - the +0 robe of the Commoners (worn) {Dex+4 Int+1}
   (You found it on level 4 of the Dungeon)

   It affects your intelligence (+1).
   It affects your dexterity (+4).
 G - a +2 cloak (worn)
 J - a +1 dwarven buckler of protection
 Q - a +0 dwarven buckler of protection (worn)
Magical devices
 g - a wand of confusion (16)
 q - a wand of flame (10)
 s - a wand of disintegration (17)
 E - a wand of digging (5)
 R - a wand of hasting (1)
 V - a wand of lightning (7)
 Y - a wand of random effects (5)
Comestibles
 c - 7 meat rations
Scrolls
 e - 10 scrolls of remove curse
 f - a scroll of blinking
 j - 11 scrolls of identify
 k - 4 scrolls of fog
 n - 5 scrolls of teleportation
 z - 2 scrolls of magic mapping
 B - 2 scrolls of vulnerability
 X - a scroll of fear
Jewellery
 h - a +3 ring of dexterity (left hand)
 i - an uncursed ring of protection from fire
 m - an uncursed amulet of stasis
 r - an uncursed ring of flight
 u - a +4 ring of evasion (right hand)
 x - an uncursed ring of protection from cold
 A - an uncursed ring of teleportation
 C - an amulet of resist mutation (around neck)
 I - an uncursed ring of protection from magic
 K - an uncursed ring of sustenance
 L - the ring of the Ancient Curses {rPois AC+2 Int-3, unknown}
   (You found it on level 15 of the Dungeon)

   [ring of protection]

   It affects your AC (+2).
   It affects your intelligence (-3).
   It protects you from poison.
 T - an uncursed ring of protection from cold
 W - an uncursed ring of teleport control
Potions
 v - a potion of berserk rage
 D - 2 potions of brilliance
 F - 14 potions of curing
 M - 2 potions of restore abilities
 N - 3 potions of speed
 O - a potion of resistance
 P - 3 potions of might
 S - 3 potions of heal wounds
 Z - 2 potions of magic


   Skills:
 * Level 14.3 Fighting
 + Level 10.8 Short Blades
 + Level 1.7 Armour
 + Level 19.3 Dodging
 * Level 17.8 Stealth
 + Level 10.5 Shields
 + Level 0.2 Invocations
 + Level 2.0 Evocations


You had 16 spell levels left.
You didn't know any spells.

Dungeon Overview and Level Annotations

Branches:
Dungeon (15/27)            Temple (1/1) D:4             Orc (4/4) D:7
    Elf (3/3) Orc:3          Lair (8/8) D:10          Swamp (0/5) Lair:6
  Snake (0/5) Lair:4        Slime (0/6) Lair:8
 Vaults: D:15-20

Altars:
Ashenzari
Cheibriados
Elyvilon
Fedhas
Kikubaaqudgha
Makhleb
Nemelex Xobeh
Okawaru
Sif Muna
Trog
Vehumet
Xom
Yredelemnul
Zin
the Shining One
Beogh

Shops:
D:10 !?*(   Orc:3 }   Orc:4 [*%*   Elf:1 }   Elf:3 }

Annotations:
Lair:1 exclusion: oklob plant
Lair:8 exclusion: ice statue


Innate Abilities, Weirdness & Mutations

You recuperate from illness quickly.
You are small and have problems with some larger weapons.
You are carnivorous and can eat meat at any time.
You can eat rotten meat.


Message History

A troll zombie comes into view.
The great orb of eyes turns its gaze towards you.
The great orb of eyes gazes at you.
You suddenly lose the ability to move!
Trog sends monsters to punish you. The divine experience confuses you!
You are confused.
The black bear bites you but does no damage.
The black bear claws you.
The black bear claws you but does no damage.
The ogre hits you with a giant spiked club!
The hill giant hits you with a giant spiked club!
* * * LOW HITPOINT WARNING * * *
The black bear bites you.
* * * LOW HITPOINT WARNING * * *
The black bear claws you but does no damage.
The great orb of eyes gazes at you. You resist. The iron troll bites you!
* * * LOW HITPOINT WARNING * * *
The iron troll claws you!
You die...

..................##.#...#......#
........)}.........#.#...#......#
).......(}............?..#.....?#
..(....[.).........#.#...#......#
..................##.#...#......#
)###.......).###.##.##......#####
)..##.......##..T..##.......#
.##.##.....##.##O###........#
..##.#.....#.##T@CO.........#
...#.#.....#.#..UG..........#
......................##....#
...#.#.....#.#......#.##....#
...#.##...##.#.....##.##....#
...##.##. #.##....## .##
....##... ##....Z. #....###.
....... #....... ...


You could see 2 iron trolls, a great orb of eyes, a hill giant (berserk), 2
ogres, a black bear (berserk) and a troll zombie.

Vanquished Creatures
  Rupert (Lair:5)
  A deep elf sorcerer (Elf:1)
  A deep elf demonologist (D:15)
  Harold (Lair:2)
  4 hydras
  An ice dragon (Lair:8)
  2 death yaks (Lair:8)
  7 orc high priests (Orc:4)
  2 centaur warriors (D:14)
  Nergalle (Lair:4)
  5 skeletal warriors (D:13)
  11 deep elf knights
  Erolcha (Orc:1)
  An ice statue (IceCv)
  A giant amoeba (D:15)
  4 hill giants
  9 deep elf conjurers
  4 wolf spiders
  2 griffons (D:13)
  An orc knight (Orc:3)
  2 cyclopes (D:15)
  2 stone golems (Elf:3)
  6 elephants (Lair:4)
  8 black mambas
  6 slime creatures
  Maurice (D:8)
  12 deep elf summoners
  5 spiny frogs
  Psyche (Orc:2)
  A blue devil (Orc:4)
  A fire drake (Lair:3)
  2 deep elf priests (Elf:2)
  2 hydra zombies
  8 spriggans (Lair:8)
  19 polar bears
  7 komodo dragons
  8 trolls
  Sonja (Orc:2)
  2 queen bees
  13 blink frogs
  Prince Ribbit (D:5)
  5 two-headed ogres
  A raven (shapeshifter) (D:15)
  A red wasp zombie (D:14)
  5 grizzly bears
  A griffon zombie (D:14)
  64 yaks
  3 basilisks
  A shadow (D:15)
  A trapdoor spider (D:15)
  4 redbacks
  6 hippogriffs
  16 deep elf magi
  4 wyverns
  A trapdoor spider (shapeshifter) (Elf:2)
  Eustachio (D:8)
  2 hill giant zombies
  A hungry ghost (D:9)
  17 ugly things
  4 wraiths
  Grum (Orc:1)
  A hill giant skeleton (D:15)
  11 deep elf fighters
  5 vampire mosquitoes
  2 manticores
  A necrophage (D:9)
  Edmund (D:9)
  11 porcupines
  A mottled dragon (D:11)
  27 wolves
  11 orc warriors
  4 sky beasts
  6 black bears (Lair:8)
  6 nagas (Lair:4)
  4 phantoms
  A centaur (D:10)
  A deep dwarf (D:8)
  3 giant goldfish (D:9)
  9 ogres
  12 ice beasts
  2 boring beetles
  A yellow wasp (D:13)
  2 lava worms
  5 wargs
  10 crocodiles
  6 water moccasins
  12 giant frogs
  3 giant slugs
  4 big kobolds
  8 agate snails
  A wyvern zombie (D:12)
  A cyclops zombie (D:15)
  57 killer bees
  A lava fish (Lair:5)
  An eye of draining (D:14)
  A wyvern skeleton (D:8)
  2 cyclops skeletons
  2 yak zombies (D:13)
  11 jellyfish
  An electric eel (Lair:5)
  12 wights
  7 crimson imps
  3 goliath beetles
  3 lava snakes (Lair:7)
  9 hounds
  23 orc priests
  3 jellies
  A quasit (D:12)
  A soldier ant zombie (D:15)
  4 big fish (Lair:1)
  25 orc wizards
  2 gnoll shamans
  9 worker ants
  4 scorpions
  19 sheep
  6 orange rats (Lair:8)
  7 iguanas
  Ijyb (D:2)
  A mottled dragon zombie (D:13)
  4 boggarts (D:14)
  A hound zombie (D:6)
  2 mummies (D:11)
  74 green rats
  15 adders
  18 gnolls
  4 giant centipedes
  3 giant mites
  4 worms
  An adder zombie (D:9)
  An iguana zombie (D:5)
  A giant centipede zombie (D:14)
  An adder skeleton (D:8)
  A giant eyeball (D:8)
  An ooze (D:2)
  129 orcs
  36 bats
  2 bat skeletons
  2 giant cockroaches (D:1)
  28 hobgoblins
  26 jackals
  39 kobolds
  8 quokkas
  A ball python (D:4)
  15 giant geckos
  6 giant newts
  A giant spore (D:12)
  28 goblins
  2 kobold skeletons (D:6)
  41 rats
  A rat skeleton (D:5)
  A rat zombie (D:7)
  2 ballistomycetes (D:12)
  A crawling corpse (Elf:1)
  2 fungi
  A plant (Lair:6)
1198 creatures vanquished.

Vanquished Creatures (collateral kills)
  A frost giant (IceCv)
  5 death yaks (Lair:8)
  3 orc high priests (Orc:4)
  4 deep elf knights
  3 deep elf conjurers
  A deep elf summoner (Elf:2)
  A komodo dragon (Lair:2)
  A jumping spider (Elf:2)
  5 deep elf priests
  A polar bear (IceCv)
  2 grizzly bears (Lair:8)
  6 deep elf magi
  A hippogriff (Lair:8)
  4 deep elf fighters
  3 wolves (Lair:8)
  3 black bears (Lair:8)
  An ice beast (Elf:2)
  4 wargs (Orc:4)
  11 orc priests (Orc:4)
  2 orange rats (Elf:2)
  An adder (Lair:8)
  8 orcs (Orc:4)
  A crawling corpse (Elf:1)
72 creatures vanquished.

Vanquished Creatures (others)
  A stone giant (IceCv)
  A deep elf knight (Elf:2)
  A hill giant (Elf:2)
  A troll (Elf:2)
  A polar bear (IceCv)
  A giant centipede (Lair:2)
  An orc (D:12)
  A giant spore (D:13)
  5 fungi
  3 plants (Lair:6)
16 creatures vanquished.

Grand Total: 1286 creatures vanquished

Notes
Turn   | Place    | Note
--------------------------------------------------------------
     0 | D:1      | Leibowitz, the Kobold Berserker, began the quest for the Orb.
     0 | D:1      | Reached XP level 1. HP: 14/14 MP: 0/0
    59 | D:1      | Reached skill level 1 in Stealth
    82 | D:1      | Reached XP level 2. HP: 19/19 MP: 1/1
   310 | D:1      | Acquired Trog's second power
   481 | D:1      | Reached XP level 3. HP: 22/24 MP: 2/2
   968 | D:2      | Found a snail-covered altar of Cheibriados.
  1039 | D:2      | Found a shattered altar of Ashenzari.
  1065 | D:2      | Reached XP level 4. HP: 3/29 MP: 3/3
  1445 | D:2      | Noticed Ijyb
  1464 | D:2      | Killed Ijyb
  1464 | D:2      | Reached XP level 5. HP: 18/33 MP: 4/4
  2701 | D:3      | Acquired Trog's third power
  3034 | D:4      | Found a staircase to the Ecumenical Temple.
  3046 | D:4      | Reached skill level 5 in Short Blades
  3060 | Temple   | Entered the Ecumenical Temple
  3142 | D:4      | Reached XP level 6. HP: 34/39 MP: 5/5
  3253 | D:4      | Reached skill level 5 in Dodging
  3751 | D:4      | Got a crude robe
  3758 | D:4      | Identified the +0 robe of the Commoners {Dex+4 Int+1} (You found it on level 4 of the Dungeon)
  4005 | D:5      | Entered Level 5 of the Dungeon
  4048 | D:5      | Reached XP level 7. HP: 43/43 MP: 6/6
  4081 | D:5      | Reached skill level 6 in Dodging
  4263 | D:5      | Reached skill level 5 in Stealth
  4595 | D:5      | Found a glowing golden altar of the Shining One.
  4707 | D:5      | Noticed Prince Ribbit
  4783 | D:5      | Killed Prince Ribbit
  4783 | D:5      | Reached skill level 5 in Fighting
  4783 | D:5      | Reached skill level 7 in Dodging
  4783 | D:5      | Reached XP level 8. HP: 38/49 MP: 7/7
  5424 | D:5      | Gained mutation: You are partially covered in molten scales (AC +1). [potion of beneficial mutation]
  5505 | D:6      | Gained mutation: You are robust (+10% HP). [potion of mutation]
  5505 | D:6      | Gained mutation: You have a slow metabolism. [potion of mutation]
  5532 | D:6      | Reached skill level 8 in Dodging
  6011 | D:7      | Found a shattered altar of Ashenzari.
  6043 | D:7      | Reached XP level 9. HP: 48/59 MP: 8/8
  6323 | D:7      | Received a gift from Trog
  6323 | D:7      | Reached skill level 9 in Dodging
  6575 | D:7      | Found a staircase to the Orcish Mines.
  6955 | D:8      | Noticed Eustachio
  7091 | D:8      | Killed Eustachio
  7199 | D:8      | Noticed Maurice
  7215 | D:8      | Killed Maurice
  7215 | D:8      | Reached skill level 1 in Shields
  7353 | D:8      | Reached skill level 10 in Dodging
  7461 | D:8      | Reached XP level 10. HP: 66/66 MP: 9/9
  7736 | D:8      | Received a gift from Trog
  8164 | D:9      | Found a sparkling altar of Nemelex Xobeh.
  8483 | D:9      | Noticed Edmund
  8523 | D:9      | Killed Edmund
  8663 | D:9      | Reached skill level 11 in Dodging
  9014 | D:9      | Received a gift from Trog
  9248 | D:10     | Entered Level 10 of the Dungeon
  9295 | D:10     | Found Araept's Weapon Shop.
  9456 | D:10     | Reached skill level 10 in Stealth
  9459 | D:10     | Found Klaedamp's Magic Scroll Shoppe.
  9587 | D:10     | Found Lyptimuit's Hardware Store.
  9658 | D:10     | Found a staircase to the Lair.
  9724 | D:10     | Found Fren's Distillery.
  9732 | D:10     | Bought a potion of curing for 22 gold pieces
  9955 | Lair:1   | Entered Level 1 of the Lair of Beasts
 10246 | Lair:1   | Reached XP level 11. HP: 67/72 MP: 10/10
 10406 | Lair:1   | Found a burning altar of Makhleb.
 10406 | Lair:1   | Noticed an oklob plant
 10408 | Lair:1   | Received a gift from Trog
 10567 | Lair:1   | Reached skill level 12 in Dodging
 11601 | Lair:2   | Noticed Harold
 11628 | Lair:2   | Killed Harold
 11974 | Lair:3   | Received a gift from Trog
 12143 | Lair:3   | Reached skill level 13 in Dodging
 12245 | Lair:3   | Reached XP level 12. HP: 67/80 MP: 11/11
 12275 | Lair:3   | Reached skill level 5 in Shields
 13616 | Lair:4   | Reached skill level 10 in Short Blades
 13796 | Lair:4   | Noticed Nergalle
 13805 | Lair:4   | Killed Nergalle
 13932 | Lair:4   | Reached skill level 14 in Dodging
 14444 | Lair:4   | Noticed a seven-headed hydra
 14468 | Lair:4   | Killed a seven-headed hydra
 14610 | Lair:4   | Found a staircase to the Snake Pit.
 14694 | Lair:4   | Reached skill level 10 in Fighting
 15313 | Lair:5   | Reached XP level 13. HP: 88/88 MP: 12/12
 15427 | Lair:5   | Identified the Compendium of Cold (You found it on level 5 of the Lair of Beasts)
 15476 | Lair:5   | Received a gift from Trog
 15754 | Lair:5   | Noticed Rupert
 15805 | Lair:5   | Killed Rupert
 16112 | Lair:5   | Reached skill level 15 in Dodging
 16399 | Lair:6   | Found a staircase to the Swamp.
 16538 | Lair:6   | Received a gift from Trog
 18110 | Lair:7   | Received a gift from Trog
 18767 | Lair:8   | Entered Level 8 of the Lair of Beasts
 18908 | Lair:8   | Found a frozen archway.
 18980 | Lair:8   | Reached XP level 14. HP: 61/95 MP: 13/13
 19174 | IceCv    | Entered an ice cave
 19716 | IceCv    | Received a gift from Trog
 19873 | IceCv    | Reached skill level 16 in Dodging
 20292 | IceCv    | Noticed a frost giant
 20437 | IceCv    | Killed a frost giant
 21318 | Lair:8   | Received a gift from Trog
 22383 | Lair:8   | Received a gift from Trog
 22405 | Lair:8   | Found a staircase to the Slime Pits.
 22653 | Lair:8   | Reached skill level 17 in Dodging
 22835 | Lair:8   | Reached XP level 15. HP: 87/103 MP: 14/14
 24029 | Orc:1    | Entered Level 1 of the Orcish Mines
 24029 | Orc:1    | Noticed Grum
 24029 | Orc:1    | Noticed Erolcha
 24031 | Orc:1    | Killed Erolcha
 24102 | Orc:1    | Received a gift from Trog
 24146 | Orc:1    | Killed Grum
 24347 | Orc:2    | Noticed Psyche
 24355 | Orc:2    | Killed Psyche
 24356 | Orc:2    | Noticed Sonja
 24363 | Orc:2    | Killed Sonja
 24774 | Orc:3    | Received a gift from Trog
 25407 | Orc:3    | Found a staircase to the Elven Halls.
 25415 | Orc:3    | Found Dimacao's Gadget Emporium.
 25888 | Orc:2    | Received a gift from Trog
 26512 | Orc:4    | Entered Level 4 of the Orcish Mines
 26656 | Orc:4    | Found Subren's Antique Armour Boutique.
 26656 | Orc:4    | Found Uvamutt's General Store.
 26716 | Orc:4    | Reached skill level 1 in Evocations
 26752 | Orc:4    | Found a roughly hewn altar of Beogh.
 26921 | Orc:4    | Found a roughly hewn altar of Beogh.
 27252 | Orc:4    | Received a gift from Trog
 27423 | Orc:4    | Found Mieca's Food Boutique.
 27521 | Orc:4    | Reached skill level 15 in Stealth
 27738 | Orc:4    | Found Buxec's Assorted Antiques.
 27756 | Orc:4    | Gained mutation: You are weak. (Str -2) [a neqoxec]
 27784 | Orc:4    | Bought a scroll labeled EXIUCV HAAREKO for 32 gold pieces
 27974 | Elf:1    | Entered Level 1 of the Elven Halls
 28067 | Elf:1    | Found Qiemir's Gadget Boutique.
 28167 | Elf:1    | Noticed a deep elf sorcerer
 28702 | Elf:1    | Killed a deep elf sorcerer
 28710 | Elf:1    | Reached skill level 18 in Dodging
 29067 | Elf:2    | Received a gift from Trog
 29609 | Elf:2    | Reached skill level 10 in Shields
 29896 | Elf:2    | Received a gift from Trog
 29896 | Elf:2    | Reached XP level 16. HP: 112/112 MP: 6/18
 30625 | Elf:3    | Entered Level 3 of the Elven Halls
 30965 | Elf:3    | Found Klist's Gadget Shop.
 31390 | Elf:3    | Received a gift from Trog
 31990 | Temple   | Fell from the grace of Trog
 31990 | Temple   | Became a worshipper of Warmaster Okawaru
 33877 | D:12     | Lost mutation: You are robust (+10% HP). [potion of cure mutation]
 33877 | D:12     | Lost mutation: You have a slow metabolism. [potion of cure mutation]
 33877 | D:12     | Lost mutation: You are weak. (Str -2) [potion of cure mutation]
 33877 | D:12     | Lost mutation: You are partially covered in molten scales (AC +1). [potion of cure mutation]
 34194 | D:13     | Acquired Okawaru's first power
 34786 | D:13     | Found an ancient bone altar of Kikubaaqudgha.
 35255 | D:13     | Reached skill level 19 in Dodging
 36364 | D:14     | Entered Level 14 of the Dungeon
 37087 | D:15     | Entered Level 15 of the Dungeon
 37546 | D:15     | Reached XP level 17. HP: 105/108 MP: 20/20
 37821 | D:15     | Got a faintly glowing dagger
 37824 | D:15     | Got a crystal dagger
 37828 | D:15     | Got a faintly glowing granite ring
 37835 | D:15     | Identified the +4,+11 dagger "Klihos" {freeze, +Inv Dex+4 Int+4} (You found it on level 15 of the Dungeon)
 37835 | D:15     | Identified the +4,+11 dagger "Klihos" {freeze, +Inv Dex+4 Int+4} (You found it on level 15 of the Dungeon)
 38255 | D:15     | Identified the +9,+6 dagger "Thuf" {vamp, rPois Int+3 SInv} (You found it on level 15 of the Dungeon)
 38255 | D:15     | Identified the +9,+6 dagger "Thuf" {vamp, rPois Int+3 SInv} (You found it on level 15 of the Dungeon)
 38433 | D:15     | Paralysed by a great orb of eyes for 6 turns
 38436 | D:15     | HP: 3/108 [iron troll[the rage of Trog] (14)]
 38436 | D:15     | Annihilated by an iron troll

Action                   |  1- 3 |  4- 6 |  7- 9 | 10-12 | 13-15 | 16-18 || total
-------------------------+-------+-------+-------+-------+-------+-------++-------
Melee: Short sword       |   163 |   234 |       |       |       |       ||   397
       Dagger            |       |   149 |   353 |   552 |   918 |    98 ||  2070
       Quick blade       |       |       |   149 |  1526 |  3331 |  2195 ||  7201
       Sabre             |       |       |       |     8 |    22 |     7 ||    37
 Fire: Blowgun           |       |       |    23 |     1 |     2 |       ||    26
Throw: Dart              |       |       |       |       |       |     1 ||     1
Invok: Berserk           |     1 |     4 |     4 |     2 |     7 |       ||    18
       Burn Spellbooks   |       |       |       |     2 |     1 |       ||     3
       Trog's Hand       |       |       |       |       |     4 |       ||     4
       Brothers in Arms  |       |       |       |       |    11 |     2 ||    13
       Heroism           |       |       |       |       |       |     2 ||     2
 Abil: Evoke Teleportati |       |       |       |       |       |     1 ||     1
Evoke: Wand              |       |       |       |     2 |    19 |     3 ||    24
  Use: Potion            |       |       |     7 |       |     4 |     4 ||    15
       Scroll            |       |       |       |    25 |     5 |     2 ||    32
 Stab: Sleeping          |     4 |    15 |    21 |    53 |    48 |    53 ||   194
       Distracted        |       |       |     2 |     3 |     5 |     3 ||    13
       Fleeing           |       |       |       |     1 |     6 |       ||     7
       Held in net/web   |       |       |       |       |     1 |       ||     1
